Map: Orbital Shipyard

Players

FreeRondo

  • Race: Protoss Protoss
  • League: Platinum

LilDicky - Winner!

  • Race: Terran Terran
  • League: Diamond

VOD

http://www.twitch.tv/tumescentpie

Description

Time

  • Played on: Nov. 23, 2015, 2:22 p.m.
  • Length: 5:43
Show
View Real Time Build Order
Export as new Build Order

FreeRondo Protoss 

Build Orders: 1 Gate Expand 

Get SALT Encoding   

  12  0:02  Probe (Chrono Boost)  
  13  0:12  Probe (Chrono Boost)  
  14  0:18  Pylon  
  14  0:23  Probe (Chrono Boost)  
  15  0:37  Probe (Chrono Boost)  
  15  0:38  Gateway  
  16  1:06  Nexus  
  16  1:12  Assimilator  
  16  1:25  Cybernetics Core  
  16  1:26  Probe (Chrono Boost)  
  17  1:36  Probe (Chrono Boost)  
  19  1:47  Probe (Chrono Boost)  
  19  1:57  Probe (Chrono Boost)  
  19  1:59  Forge  
  20  2:03  Assimilator  
  20  2:08  Probe (Chrono Boost)  
  21  2:14  Pylon  
  20  2:18  Probe (Chrono Boost)  
  20  2:21  Twilight Council  
  21  2:27  Probe (Chrono Boost)  
  21  2:29  Probe (Chrono Boost)  
  23  2:37  Probe (Chrono Boost)  
  23  2:41  Mothership Core (Chrono Boost)  
  26  2:47  Probe (Chrono Boost)  
  26  2:50  Warp Gate (Chrono Boost)  
  27  2:57  Probe  
  28  3:07  Probe  
  28  3:08  Probe  
  28  3:10  Resonating Glaives  
  26  3:50  Robotics Facility  
  26  3:54  Photon Cannon  
  26  3:55  Pylon  
  26  3:57  Zealot  
  28  4:05  Assimilator  
  28  4:09  Pylon  
  28  4:28  Photon Cannon  
  28  4:30  Probe  
  29  4:55  Probe  
  29  4:56  Probe  
  33  5:06  Gateway  
  31  5:07  Gateway  
  31  5:18  Gateway  
  31  5:20  Mothership Core  
  32  5:29  Probe, Gateway  
Show
View Real Time Build Order
Export as new Build Order

LilDicky Terran - Winner!

Build Orders: MMM Bio 

Get SALT Encoding   

  12  0:02  SCV  
  13  0:14  SCV  
  13  0:19  Supply Depot  
  14  0:25  Refinery  
  14  0:28  SCV  
  15  0:41  SCV  
  16  0:47  Barracks  
  16  0:53  SCV  
  17  1:05  SCV  
  18  1:17  SCV  
  19  1:34  Factory  
  19  1:35  Orbital Command  
  19  1:36  Supply Depot  
  19  1:37  Marine  
  20  1:58  Marine  
  21  2:14  SCV  
  21  2:15  Barracks  
  22  2:16  Barracks  
  22  2:18  Refinery  
  22  2:25  Barracks Reactor  
  22  2:31  Supply Depot  
  22  2:33  SCV  
  23  2:38  Widow Mine  
  25  2:46  SCV  
  26  3:07  Barracks Tech Lab x2  
  26  3:08  Widow Mine  
  27  3:25  Marine x2  
  27  3:26  Combat Shields  
  29  3:27  Stimpack, Marine x2  
  29  3:28  SCV  
  30  3:42  Marine  
  30  3:43  Marine  
  30  3:44  Widow Mine  
  30  3:45  SCV, Marine  
  30  3:46  Marauder  
  38  3:58  Starport  
  38  4:00  Supply Depot, Marine  
  39  4:21  Supply Depot, Marauder x2, Marine  
  42  4:40  Marine  
  42  4:41  Marine  
  42  4:43  Marauder  
  42  4:44  Widow Mine  
  46  4:48  Medivac  
  46  4:50  Concussive Shells, Marauder  
  46  4:51  SCV  
  51  4:56  Supply Depot  
  51  4:58  Marine  
  52  5:05  SCV, Marine  
  54  5:22  Marine x2  
Tags
 
Add a new tag
Caveats
  • Supply blocks, unpowered buildings, or Contaminate may cause inaccurate times.
  • Supply counts are checked every 10 seconds.